 Dungeon Crawl Stone Soup version 0.20.1-1-g8b1a95d (webtiles) character file.

43 vatarom the Gusty (level 3, -8/25 HPs)
             Began as a Demonspawn Air Elementalist on Sept 22, 2017.
             Mangled by Sigmund
             ... wielding a +0 scythe of protection
              (11 damage)
             ... on level 2 of the Dungeon.
             The game lasted 00:03:14 (1545 turns).

vatarom the Gusty (Demonspawn Air Elementalist)     Turns: 1545, Time: 00:03:15

Health: -8/25      AC:  6    Str:  8    XL:     3   Next: 37%
Magic:  6/6        EV: 12    Int: 17    God:
Gold:   67         SH:  0    Dex: 15    Spells: 1/7 levels left

rFire    . . .     SeeInvis .   e - +3 dagger
rCold    . . .     Gourm    .   (no shield)
rNeg     . . .     Faith    .   a - +0 robe
rPois    .         Spirit   .   (no helmet)
rElec    .         Reflect  .   (no cloak)
rCorr    .         Harm     .   f - +0 pair of gloves
MR       .....                  g - +2 pair of boots
Stlth    +.........             (no amulet)
Regen    0.1/turn               (no ring)
MPRegen  0.1/turn               (no ring)

@: confused
A: hooves 1, thin skeletal structure 1
a: no special abilities


You were on level 2 of the Dungeon.
You were hungry.

You visited 1 branch of the dungeon, and saw 2 of its levels.

You collected 67 gold pieces.

Inventory:

Hand Weapons
 e - a +3 dagger (weapon)
Armour
 a - a +0 robe (worn)
 f - a +0 pair of gloves (worn)
 g - a +2 pair of boots (worn)
Scrolls
 d - 3 scrolls of teleportation
 h - a scroll of remove curse
Books
 b - a book of Air

   Spells                             Type                      Level
   a - Shock                          Conjuration/Air              1
   b - Swiftness                      Charms/Air                   2
   c - Static Discharge               Conjuration/Air              3
   d - Airstrike                      Air                          4
   e - Lightning Bolt                 Conjuration/Air              5
Comestibles
 c - a bread ration
 i - a chunk of flesh


   Skills:
 + Level 0.6 Fighting
 - Level 1.7 Dodging
 - Level 1.7 Stealth
 + Level 2.5 Spellcasting
 + Level 1.5 Conjurations
 * Level 3.3 Air Magic


You had one spell level left.
You knew the following spells:

 Your Spells              Type           Power        Failure   Level  Hunger
a - Shock                 Conj/Air       ##..         7%          1    #......
b - Swiftness             Chrm/Air       #.......     14%         2    ##.....
c - Static Discharge      Conj/Air       ##......     21%         3    ###....


Dungeon Overview and Level Annotations

Branches:
Dungeon (2/15)

Altars:

Annotations:
D:2 Sigmund


Innate Abilities, Weirdness & Mutations

You have large cloven feet.
You have a somewhat thin skeletal structure. (Dex +2, Stealth)


Message History

You are confused.
You are more confused.
A puff of flame appears from out of thin air!
The puff of flame hits you!
You're too confused to move!
The rat closely misses you. The rat closely misses you.
You aren't carrying any potions.
You bump into the rock wall.
A puff of flame appears from out of thin air!
The puff of flame hits you!
* * * LOW HITPOINT WARNING * * *
The rat bites you but does no damage.
You hit the rat.
The rat is severely wounded.
The rat bites you but does no damage.
Unknown command.
The rat closely misses you. The rat bites you but does no damage.
Something hits you!
You die...

##...######.#.#.##.##.....##.....
#...# #........#########.#...
#...# #####.#... ..# #.##.. #...#
#.#.## #.# #..... ....#
#.#.####.# #####. #...#
####......#.# #. ....#
##...##.##.#.# #. #.###
##.....#.##.#.#########.
#####.....r@......#.........
.......).{..#.......########
####.......##...####
##.....####.## #....## ###
##.###### #.......# #..####.#
#..####(#


You could see a rat.

Vanquished Creatures
  An adder (D:2)
  An ooze (D:2)
  A dart slug (D:2)
  A giant cockroach (D:1)
  2 goblins
  7 hobgoblins
  5 bats
  3 frilled lizards (D:1)
  5 kobolds
  2 rats
28 creatures vanquished.

Notes
Turn   | Place    | Note
-------+----------+-------------------------------------------
     0 | D:1      | vatarom the Demonspawn Air Elementalist began the quest for the Orb.
     0 | D:1      | Reached XP level 1. HP: 13/13 MP: 3/3
   201 | D:1      | Reached skill level 3 in Air Magic
   254 | D:1      | Gained mutation: You have a somewhat thin skeletal structure. (Dex +2, Stealth) [demonic ancestry]
   254 | D:1      | Reached XP level 2. HP: 19/19 MP: 3/5
   808 | D:1      | Learned a level 2 spell: Swiftness
  1019 | D:2      | Noticed Sigmund
  1290 | D:2      | Gained mutation: You have large cloven feet. [demonic ancestry]
  1290 | D:2      | Reached XP level 3. HP: 25/25 MP: 3/6
  1295 | D:2      | Learned a level 3 spell: Static Discharge
  1545 | D:2      | Mangled by Sigmund

Skill      XL: |  1 |
---------------+----+-----
Air Magic      | 3 |  3.3
Fighting       | |  0.6
Dodging        | |  1.7
Stealth        | |  1.7
Spellcasting   | |  2.5
Conjurations   | |  1.5

Action                   || total
-------------------------++-------
Melee: Unarmed           ||     3
       Dagger            ||    17
 Cast: Shock             ||    43
       Static Discharge  ||     1
  Use: Potion            ||     1
       Scroll            ||     3
  Eat: Royal jelly       ||     1
Armor: Robe              ||    14
Dodge: Dodged            ||    18
